 Dungeon Crawl Stone Soup version 0.31-a0-1-g4198be8af4 (webtiles) character file.

Game seed: 18169210193834623160

24 Darkkill the Shooter (level 2, -3/26 HPs)
             Began as a Minotaur Hunter on May 1, 2023.
             Constricted to death by Natasha (4 damage)
             ... on level 2 of the Dungeon.
             The game lasted 00:01:16 (1019 turns).

Darkkill the Shooter (Minotaur Hunter)              Turns: 1019, Time: 00:01:17

Health: -3/26      AC:  3    Str: 15    XL:     2   Next: 79%
Magic:  1/1        EV:  9    Int:  6    God:
Gold:   46         SH:  0    Dex: 13    Spells: 1/1 levels left

rFire   . . .        a - +1 shortbow
rCold   . . .        (shield currently unavailable)
rNeg    . . .        c - +0 leather armour
rPois   .            (helmet restricted)
rElec   .            (no cloak)
rCorr   .            (no gloves)
SInv    .            (no boots)
Will    .....        (no amulet)
Stlth   +            (no ring)
HPRegen 0.24/turn    (no ring)
MPRegen 0.07/turn

%: no passive effects
@: grasped by roots, slowed, constricted, very slow
A: horns 2, retaliatory headbutt
a: no special abilities


You were on level 2 of the Dungeon.
You visited 1 branch of the dungeon, and saw 2 of its levels.

You collected 46 gold pieces.

Inventory:

Hand Weapons
 a - a +1 shortbow (weapon)
Missiles
 f - 2 boomerangs
 h - 12 stones
Armour
 c - a +0 leather armour (worn)
Scrolls
 b - 2 scrolls of immolation
 e - a scroll of identify {@r1}
Potions
 d - a potion of curing {unknown}
 g - a potion of cancellation {unknown}
 j - a potion of might
 k - a potion of heal wounds {unknown}


   Skills:
 + Level 3.0 Fighting
 + Level 4.6 Ranged Weapons
 + Level 2.6 Dodging
 + Level 1.3 Stealth


You had one spell level left.
You didn't know any spells.
Your spell library was empty.

Dungeon Overview and Level Annotations

Branches:
Dungeon (2/15)

Altars:

Annotations:
D:2 Natasha


Innate Abilities, Weirdness & Mutations

You have a pair of horns on your head.
You reflexively headbutt those who attack you in melee.


Message History

You kill the ball python!
No target in view!
A hobgoblin comes into view.
You shoot an arrow. The arrow hits the hobgoblin.
The hobgoblin is heavily wounded.
A hobgoblin is nearby!
You shoot an arrow. The arrow barely misses the hobgoblin.
A hobgoblin is nearby!
A hobgoblin is nearby!
You shoot an arrow. The arrow closely misses the hobgoblin.
You shoot an arrow. The arrow hits the hobgoblin.
The hobgoblin is severely wounded.
The hobgoblin misses you.
You shoot an arrow. The arrow hits the hobgoblin.
You kill the hobgoblin!
Your Fighting skill increases to level 3!
You see here a hobgoblin corpse.
You now have 23 gold pieces (gained 13).
Found a robe.
Found a ring mail.
No target in view!
No target in view!
You now have 33 gold pieces (gained 10).
Found a stone staircase leading up.
No target in view!
Found a leather armour.
No target in view!
You open the door.
A ball python comes into view.
Found 13 gold pieces and 6 stones.
Found an escape hatch in the ceiling.
You shoot an arrow. The arrow hits the ball python.
The ball python hisses angrily.
The ball python is severely wounded.
A ball python is nearby!
You shoot an arrow.
The arrow completely misses the ball python.
A ball python is nearby!
You shoot an arrow. The arrow hits the ball python!
You kill the ball python!
There is an open door here.
You now have 46 gold pieces (gained 13).
h - 12 stones (gained 6)
You open the door.
There is an open door here.
A giant cockroach comes into view.
You shoot an arrow. The arrow hits the giant cockroach.
The giant cockroach is moderately wounded.
Natasha, Servant of Life and Death comes into view.
She is carrying a wand of roots (12).
Fire: a) +1 shortbow
Press: ? - help, Q - select action, (/) - cycle Shift-Dir - straight line, f - Natasha
Aim: Natasha, carrying a wand of roots (12) (wandering, hasn't noticed you, 55% to hit)
You shoot an arrow. The arrow barely misses Natasha.
Natasha hisses angrily.
Natasha casts a spell at you.
You feel yourself slow down.
Fire: a) +1 shortbow
Press: ? - help, Q - select action, (/) - cycle Shift-Dir - straight line, f/p - Natasha
Aim: Natasha, carrying a wand of roots (12) (55% to hit)
You shoot an arrow. The arrow barely misses Natasha.
Natasha claws you but does no damage.
Fire: a) +1 shortbow
Press: ? - help, Q - select action, (/) - cycle Shift-Dir - straight line, f/p - Natasha
Aim: Natasha, carrying a wand of roots (12) (55% to hit)
You shoot an arrow. The arrow closely misses Natasha.
The arrow barely misses the giant cockroach.
Natasha claws you!
Natasha mumbles some strange words.
Fire: a) +1 shortbow
Press: ? - help, Q - select action, (/) - cycle Shift-Dir - straight line, f/p - Natasha
Aim: Natasha, carrying a wand of roots (12) (55% to hit)
You shoot an arrow. The arrow hits Natasha!
Natasha is heavily wounded.
Natasha casts a spell.
The cerulean imp hits you from afar with a +0 spear.
Natasha casts a spell at you.
You feel as though you will be slow longer.
Fire: a) +1 shortbow
Press: ? - help, Q - select action, (/) - cycle Shift-Dir - straight line, f/p - Natasha
Aim: Natasha, carrying a wand of roots (12) (heavily wounded, 55% to hit)
You shoot an arrow. The arrow closely misses Natasha.
The arrow barely misses the giant cockroach.
The cerulean imp barely misses you. Natasha casts a spell at you.
The magic dart hits you. The cerulean imp barely misses you. Natasha claws you.
* * * LOW HITPOINT WARNING * * *
Fire: a) +1 shortbow
Press: ? - help, Q - select action, (/) - cycle Shift-Dir - straight line, f/p - Natasha
Aim: Natasha, carrying a wand of roots (12) (heavily wounded, 55% to hit)
You shoot an arrow.
The arrow hits Natasha but does no damage.
Natasha is heavily wounded.
The cerulean imp barely misses you. Natasha claws you!
* * * LOW HITPOINT WARNING * * *
The cerulean imp closely misses you.
Natasha mumbles some strange words.
You feel troubled.
Natasha zaps a wand.
The roots erupt in riotous growth!
The grasping roots grab you!
Natasha is unaffected.
The grasping roots constrict you.
You die...

.[.###.......# .#.#
#.......# .#.# #.....###
.#.# #####+## .#.#
##...## ##.# ##.....## #
...# ##.......## .##.#
.[.###.........####......
....<+.........'@hB5.....
...###......<..###5......
.#.# ##...†...## .#.##.#
##.# ##.....## .# # ##.#
##...## B# ...# ##'## .#
#### #.# .# ######.# .#
#......#####


You could see Natasha, 2 cerulean imps and a giant cockroach.

Vanquished Creatures
  2 dart slugs (D:1)
  2 giant cockroaches
  3 hobgoblins
  A kobold (D:2)
  A quokka (D:1)
  4 ball pythons
  2 bats
  3 frilled lizards (D:1)
  2 rats (D:1)
20 creatures vanquished.

Notes
Turn   | Place    | Note
-------+----------+-------------------------------------------
     0 | D:1      | Darkkill the Minotaur Hunter began the quest for the Orb.
     0 | D:1      | Reached XP level 1. HP: 18/18 MP: 0/0
    66 | D:1      | Reached skill level 1 in Stealth
   169 | D:1      | Reached XP level 2. HP: 19/25 MP: 1/1
  1012 | D:2      | Noticed Natasha
  1019 | D:2      | HP: 1/26 [Natasha (7)]
  1019 | D:2      | Constricted to death by Natasha

Illustrated notes

Levels and vault maps discovered:
D:1:      saegor_arrival_under_anarchy, layout_loops_ring,
          kennysheep_minor_cross
D:2:      layout_loops_corners, uniq_crazy_yiuf_cottage, uniq_natasha,
          uniq_terence

Skill      XL: |  1  2 |
---------------+-------+-----
Stealth        | 1 |  1.3
Fighting       | 3 |  3.0
Ranged Weapons | |  4.6
Dodging        | |  2.6

Action                     || total
---------------------------++-------
   Fire: Shortbow          ||    61
    Use: Scroll            ||     5
 Armour: Leather armour    ||     5
  Dodge: Dodged            ||    16

Table legend: (Time is in decaauts)
 A = Elapsed time spent in this place.
 B = Non-inter-level travel time spent in this place.
 C = Inter-level travel time spent in this place.
 D = Time resting spent in this place.
 E = Time spent auto-exploring this place.
 F = Levels seen in this place.
 G = Mean time per level.
                   A        B        C        D        E       F      G
               +--------+--------+--------+--------+--------+-----+--------+
         Total |   1040 |    994 |     46 |      0 |    864 |   2 |  520.0 |
       Dungeon |   1040 |    994 |     46 |      0 |    864 |   2 |  520.0 |
               +--------+--------+--------+--------+--------+-----+--------+

Top non-repeatable levels by time:
     D:1: 773 daAuts
     D:2: 266 daAuts

Levels and vault maps discovered:
D:1:      saegor_arrival_under_anarchy, layout_loops_ring,
          kennysheep_minor_cross
D:2:      layout_loops_corners, uniq_crazy_yiuf_cottage, uniq_natasha,
          uniq_terence

Table legend: (Time is in decaauts)
 A = Elapsed time spent in this place.
 B = Non-inter-level travel time spent in this place.
 C = Inter-level travel time spent in this place.
 D = Time resting spent in this place.
 E = Time spent auto-exploring this place.
 F = Levels seen in this place.
 G = Mean time per level.
                   A        B        C        D        E       F      G
               +--------+--------+--------+--------+--------+-----+--------+
         Total |   1040 |    994 |     46 |      0 |    864 |   2 |  520.0 |
       Dungeon |   1040 |    994 |     46 |      0 |    864 |   2 |  520.0 |
               +--------+--------+--------+--------+--------+-----+--------+

Top non-repeatable levels by time:
     D:1: 773 daAuts
     D:2: 266 daAuts

Table legend:
 A = Kills in this place as a percentage of kills in the entire game.
 B = Kills by you in this place as a percentage of kills by you in the entire game.
 C = Kills by friends in this place as a percentage of kills by friends in the entire game.
 D = Other kills in this place as a percentage of other kills in the entire game.
 E = Experience gained in this place as a percentage of experience gained in the entire game.
 F = Experience gained in this place divided by the number of levels of this place that you have seen.
                   A       B       C       D       E      F
               +-------+-------+-------+-------+-------+----------------------
         Total | 100.0 | 100.0 |   N/A |   N/A | 100.0 |  17.5
       Dungeon | 100.0 | 100.0 |   N/A |   N/A | 100.0 |  17.5
               +-------+-------+-------+-------+-------+----------------------
